 Dungeon Crawl Stone Soup version 0.20.1-1-g8b1a95d (webtiles) character file.

171630 galech the Wrestler (level 17, -5/156 HPs)
             Began as a Troll Monk on Sept 8, 2017.
             Was the Champion of Okawaru.
             Shot with an arrow by a deep elf master archer (25 damage)
             ... on level 3 of the Elven Halls.
             The game lasted 01:14:51 (27692 turns).

galech the Wrestler (Troll Monk)                   Turns: 27692, Time: 01:14:52

Health: -5/156     AC: 18    Str: 28    XL:     17   Next: 39%
Magic:  27/27      EV: 12    Int:  9    God:    Okawaru [******]
Gold:   1456       SH: 24    Dex: 14    Spells: 16/16 levels left

rFire    + + +     SeeInvis +     - Unarmed
rCold    + + .     Gourm    +   a - +5 large shield "Qoamin" {-Cast rF+++ Regen+ Int+3}
rNeg     + . .     Faith    .   u - +0 ice dragon scales
rPois    .         Spirit   .   N - +1 hat {MR+}
rElec    .         Reflect  .   U - +1 cloak of the Saviour {rN+}
rCorr    .         Harm     .   (gloves unavailable)
MR       +++..     NoCast   +   (boots unavailable)
Stlth    +.........             (no amulet)
Regen    1.2/turn               A - ring "Xuimonid" {MR+ MP+9 SInv Stlth-}
MPRegen  0.2/turn               D - +2 ring of slaying

@: no status effects
A: unfitting armour, claws 3, camouflage 1, agile 1, fire resistance 1, fast
metabolism 3, gourmand, regeneration 1, shaggy fur 1, tough skin 2
a: Heroism, Finesse, Renounce Religion


You were on level 3 of the Elven Halls.
You worshipped Okawaru.
Okawaru was exalted by your worship.
You were completely stuffed.

You visited 4 branches of the dungeon, and saw 26 of its levels.
You also visited: Sewer, Ice Cave and Volcano.

You collected 3204 gold pieces.
You spent 1748 gold pieces at shops.

Inventory:

Missiles
 E - 26 large rocks (quivered)
Armour
 a - the +5 large shield "Qoamin" (worn) {-Cast rF+++ Regen+ Int+3}
   (Okawaru gifted it to you on level 1 of the Elven Halls)

   It affects your intelligence (+3).
   It renders you almost immune to fire.
   It prevents spellcasting.
   It increases your rate of regeneration.
 f - +0 fire dragon scales
 u - +0 ice dragon scales (worn)
 x - a +2 robe of magic resistance
 z - a +1 cloak of magic resistance
 K - a +2 large shield of positive energy
 N - a +1 hat of magic resistance (worn)
 R - +0 acid dragon scales
 S - +0 steam dragon scales
 T - a +0 troll leather armour
 U - the +1 cloak of the Saviour (worn) {rN+}
   (Okawaru gifted it to you on level 14 of the Dungeon)

   It protects you from negative energy.
Jewellery
 l - an uncursed ring of positive energy
 w - an uncursed ring of resist corrosion
 A - the ring "Xuimonid" (left claw) {MR+ MP+9 SInv Stlth-}
   (You found it on level 6 of the Lair of Beasts)

   [ring of loudness]

   It affects your resistance to hostile enchantments.
   It affects your magic capacity (+9).
   It lets you see invisible.
   It makes you less stealthy.
 D - a +2 ring of slaying (right claw)
 G - an uncursed ring of protection from magic
 Y - an uncursed ring of protection from cold
Wands
 P - a wand of digging (19/24)
Scrolls
 d - 6 scrolls of amnesia
 i - 9 scrolls of remove curse
 j - 5 scrolls of fog
 k - 5 scrolls of blinking
 n - 2 scrolls of teleportation
 p - 4 scrolls of recharging
 t - a scroll of vulnerability {unknown}
 y - 5 scrolls of fear
 H - 4 scrolls of identify
 I - 2 scrolls of holy word
 O - 2 scrolls of magic mapping
 Q - 8 scrolls of enchant armour
 V - 2 scrolls of silence
 W - a scroll of summoning
Potions
 c - 10 potions of curing
 e - 3 potions of magic
 g - 5 potions of flight
 h - 3 potions of ambrosia
 o - 8 potions of haste
 q - 7 potions of heal wounds
 s - a potion of cancellation
 C - 3 potions of brilliance
 F - a potion of resistance
 J - 8 potions of agility
 X - a potion of might
 Z - 2 potions of invisibility
Comestibles
 b - 13 bread rations
 m - 21 royal jellies
 r - 15 meat rations
 v - 25 fruits
 B - 7 chunks of flesh


   Skills:
 + Level 7.3 Fighting
 + Level 7.3 Armour
 + Level 10.9 Dodging
 + Level 4.3 Stealth
 + Level 10.7 Shields
 + Level 21.3 Unarmed Combat
 + Level 2.9 Invocations


You had 16 spell levels left.
You didn't know any spells.

Dungeon Overview and Level Annotations

Branches:
Dungeon (15/15)            Temple (0/1) D:5            Lair (6/6) D:8
 Shoals (0/4) Lair:2       Spider (0/4) Lair:2        Slime (0/5) Lair:5
    Orc (2/2) D:11            Elf (3/3) Orc:2        Vaults (0/5) D:14
 Depths (0/5) D:15

Altars:
Ashenzari
Fedhas
Gozag
Kikubaaqudgha
Makhleb
Okawaru
Ru
Trog
Vehumet
Xom
Yredelemnul
Beogh
Jiyva

Shops:
D:5 ![   D:9 ?   Orc:2 %?[   Elf:1 *?=:   Elf:2 !

Portals:
Pandemonium: Orc:2


Innate Abilities, Weirdness & Mutations

You are too large for most types of armour.
You have claws for hands.
Your metabolism is lightning-fast.
You like to eat raw meat.
Your natural rate of healing is unusually fast.
You are covered in fur. (AC +1)
You have very tough skin. (AC +2)
Your skin changes colour to match your surroundings (Stealth+).
You are agile. (Dex +2)
Your flesh is heat resistant. (rF+)


Message History

You see here an arrow.
The deep elf master archer shoots an arrow.
The arrow hits you!!
* * * LOW HITPOINT WARNING * * *
You see here an arrow.
You are no longer corroded.
The deep elf master archer shoots an arrow.
You block the arrow.
The deep elf master archer shoots an arrow.
You block the arrow.
You see here 2 arrows.
The deep elf master archer shoots an arrow.
You block the arrow.
You see here an arrow.
The deep elf master archer shoots an arrow.
The arrow hits you!!
* * * LOW HITPOINT WARNING * * *
The deep elf master archer shoots an arrow.
The arrow hits you!!
You die...

#E)ee# #########e# #<#...#
#.# ####..# #(# ##.# #(#
#.# #(# #.# #(# ########)#
#(# #### .....)...###@###
#... ####...........###
#... #.............# #...
#.............# #####...
#.............#####..)....
#.......................).
#.............#####.......
#...........######...##...
#.........###.............


You could see a deep elf master archer.

Vanquished Creatures
  A deep elf blademaster (Elf:3)
  A deep elf master archer (Elf:3)
  Frances (D:14)
  3 deep elf sorcerers
  2 very ugly things (IceCv)
  4 deep elf demonologists
  An entropy weaver (shapeshifter) (Elf:2)
  A deep elf death mage (Elf:3)
  2 ettins
  2 fire dragons
  A yaktaur captain (D:15)
  4 hydras
  Erolcha (D:10)
  Harold (D:10)
  3 centaur warriors
  10 two-headed ogres
  Erica (D:9)
  5 orc high priests (Orc:2)
  11 death yaks
  Urug (Lair:3)
  28 dancing weapons
  21 deep elf knights
  The ghost of Agrougrou the Grappler, a journeyman VSTm of Uskayaw (D:10)
  Nergalle (Lair:2)
  2 sun demons (Orc:2)
  3 skeletal warriors
  A shadow wraith (D:14)
  A sixfirhy (Orc:1)
  A torturous demonspawn (Orc:2)
  A gelid demonspawn (Orc:2)
  2 unseen horrors
  A lindwurm (Lair:6)
  7 deep elf archers
  A phantasmal warrior (D:15)
  2 anaconda skeletons (Volcano)
  5 orc knights
  52 deep elf magi
  A necromancer (D:15)
  6 orc sorcerers (Orc:2)
  9 ugly things
  An oklob plant (Lair:1)
  A cyclops (shapeshifter) (D:14)
  2 cyclopes
  3 manticores
  A frost giant zombie (D:15)
  5 black mambas
  9 elephants
  A merfolk siren (Lair:2)
  Maurice (D:13)
  5 ice statues (IceCv)
  A smoke demon (Orc:2)
  2 molten gargoyles (Lair:6)
  6 gargoyles
  8 spiny frogs
  A freezing wraith (D:14)
  A yaktaur zombie (D:15)
  3 rime drakes
  An anaconda simulacrum (IceCv)
  A yaktaur (D:13)
  9 komodo dragons
  A guardian mummy (D:15)
  A golden dragon simulacrum (IceCv)
  2 jumping spiders (Lair:2)
  5 trolls
  3 polar bears
  3 slime creatures (D:14)
  8 blink frogs
  3 harpy skeletons (Volcano)
  7 hippogriffs
  A deep troll zombie (D:15)
  6 dream sheep
  4 water elementals
  A redback (Lair:2)
  A shadow (D:12)
  3 flying skulls (Volcano)
  2 wraiths
  An air elemental (Elf:1)
  An alligator skeleton (Volcano)
  9 wyverns
  A dire elephant simulacrum (IceCv)
  41 yaks
  5 fire elementals
  A golden eye (shapeshifter) (Elf:2)
  A spriggan skeleton (D:15)
  6 basilisks
  A chaos spawn (Orc:2)
  A neqoxec (Orc:2)
  2 wargs (Orc:2)
  2 iron troll simulacra (IceCv)
  2 steam dragons (Lair:6)
  Edmund (D:4)
  A harpy simulacrum (IceCv)
  A vampire mosquito (D:12)
  6 swamp worms (Lair:2)
  2 acid dragons
  3 hell hounds (Lair:6)
  18 water moccasins
  Duvessa (D:4)
  2 hydra simulacra (IceCv)
  8 porcupines
  29 orc warriors
  3 sky beasts
  3 necrophages
  8 ice beasts
  A black bear (D:12)
  An ettin simulacrum (IceCv)
  An eye of draining (shapeshifter) (D:12)
  An eye of draining (D:13)
  5 phantoms
  4 boggarts (Lair:6)
  10 ogres
  11 wolves
  15 centaurs
  11 crocodiles
  4 big kobolds
  20 bullfrogs
  2 earth elementals (Elf:1)
  A gnoll sergeant (D:10)
  Dowan (D:4)
  3 wyvern skeletons
  A scorpion (D:7)
  11 killer bees
  2 troll skeletons (Volcano)
  11 wights
  5 howler monkeys
  6 crimson imps
  2 bullfrog zombies
  A centaur zombie (D:7)
  5 hounds
  5 lava snakes (Lair:6)
  29 orc priests
  9 jellies
  2 bullfrog skeletons
  2 centaur skeletons
  14 orc wizards
  Jessica (D:2)
  7 worker ants
  Natasha (D:2)
  6 hell rats
  3 naga skeletons (Volcano)
  2 hound skeletons
  Robin (D:2)
  A worker ant zombie (D:11)
  3 gnolls (D:10)
  13 adders
  2 river rats (Sewer)
  3 shadow imps
  6 oozes
  2 adder skeletons
  14 worms
  3 dart slugs
  5 leopard geckos
  100 orcs
  9 giant cockroaches
  15 goblins
  14 hobgoblins
  8 jackals
  4 quokkas
  13 bats
  4 frilled lizards
  A giant cockroach zombie (D:3)
  A jackal skeleton (D:9)
  39 kobolds
  A leopard gecko skeleton (D:4)
  10 rats
963 creatures vanquished.

Vanquished Creatures (others)
  An orc warrior (Orc:1)
  3 fungi (Lair:6)
  5 plants
9 creatures vanquished.

Grand Total: 972 creatures vanquished

Notes
Turn   | Place    | Note
-------+----------+-------------------------------------------
     0 | D:1      | galech the Troll Monk began the quest for the Orb.
     0 | D:1      | Reached XP level 1. HP: 22/22 MP: 0/0
    81 | D:1      | Reached XP level 2. HP: 29/29 MP: 1/1
   608 | D:2      | Noticed Jessica
   614 | D:2      | Killed Jessica
   614 | D:2      | Reached XP level 3. HP: 36/36 MP: 2/2
   683 | D:2      | Noticed Robin
   707 | D:2      | Reached XP level 4. HP: 12/44 MP: 3/3
   730 | D:2      | HP: 2/44 [Robin/club (4)]
   731 | D:2      | Killed Robin
   957 | D:2      | Noticed Natasha
   971 | D:2      | Killed Natasha
   971 | D:2      | Reached skill level 4 in Unarmed Combat
  1162 | D:2      | Reached XP level 5. HP: 53/53 MP: 4/4
  1688 | D:3      | Found an opulent altar of Gozag.
  1849 | D:3      | Found a glowing drain.
  1866 | Sewer    | Entered a sewer
  1978 | Sewer    | Reached XP level 6. HP: 51/61 MP: 5/5
  2039 | Sewer    | Found a white marble altar of Elyvilon.
  2291 | D:3      | Found a blossoming altar of Fedhas.
  2294 | D:3      | Found an ancient bone altar of Kikubaaqudgha.
  2294 | D:3      | Found a shimmering altar of Xom.
  2307 | D:3      | Found a bloodstained altar of Trog.
  2311 | D:3      | Found an iron altar of Okawaru.
  2318 | D:3      | Became a worshipper of Warmaster Okawaru
  2318 | D:3      | Reached * piety under Okawaru
  2318 | D:3      | Reached ** piety under Okawaru
  2816 | D:4      | Noticed Edmund
  2843 | D:4      | Killed Edmund
  2843 | D:4      | Reached skill level 5 in Unarmed Combat
  2985 | D:4      | Reached XP level 7. HP: 62/67 MP: 6/6
  3564 | D:4      | Found a blossoming altar of Fedhas.
  3578 | D:4      | Reached skill level 6 in Unarmed Combat
  3761 | D:4      | Noticed Duvessa
  3761 | D:4      | Noticed Dowan
  3768 | D:4      | Killed Duvessa
  3774 | D:4      | Killed Dowan
  3828 | D:5      | Entered Level 5 of the Dungeon
  3873 | D:5      | Reached *** piety under Okawaru
  3892 | D:5      | Reached skill level 7 in Unarmed Combat
  3907 | D:5      | Found a staircase to the Ecumenical Temple.
  4010 | D:5      | Found Ledwe's Distillery.
  4018 | D:5      | Bought a potion of heal wounds for 70 gold pieces
  4018 | D:5      | Bought a potion of heal wounds for 70 gold pieces
  4106 | D:5      | Reached XP level 8. HP: 73/75 MP: 7/7
  4160 | D:5      | Found a sacrificial altar of Ru.
  4160 | D:5      | Found a basalt altar of Yredelemnul.
  4511 | D:5      | Found Faiza's Antique Armour Shop.
  4728 | D:6      | Reached skill level 5 in Dodging
  4792 | D:5      | Received a gift from Okawaru
  4792 | D:5      | Reached skill level 8 in Unarmed Combat
  5036 | D:6      | Reached skill level 9 in Unarmed Combat
  5178 | D:6      | Reached XP level 9. HP: 83/83 MP: 8/8
  5440 | D:6      | Found a radiant altar of Vehumet.
  5500 | D:7      | Reached **** piety under Okawaru
  5742 | D:7      | Found a shattered altar of Ashenzari.
  5746 | D:7      | Reached skill level 10 in Unarmed Combat
  5998 | D:7      | Reached ***** piety under Okawaru
  6101 | D:7      | Found a burning altar of Makhleb.
  6625 | D:8      | Gained mutation: You possess an exceptional clarity of mind. [mutagenic meat]
  6626 | D:8      | Gained mutation: You are dopey. (Int -2) [mutagenic meat]
  6628 | D:8      | Gained mutation: You expend magic power (3 MP) to strengthen your wands. [mutagenic meat]
  6629 | D:8      | Gained mutation: You have large cloven feet. [mutagenic meat]
  6630 | D:8      | Lost mutation: You possess an exceptional clarity of mind. [mutagenic meat]
  7008 | D:8      | Reached XP level 10. HP: 79/92 MP: 9/9
  7014 | D:8      | Reached skill level 11 in Unarmed Combat
  7044 | D:8      | Received a gift from Okawaru
  7136 | D:8      | Found a staircase to the Lair.
  7287 | D:9      | Noticed Erica
  7307 | D:9      | Killed Erica
  7565 | D:9      | Found Uweplo's Magic Scroll Shop.
  7582 | D:9      | Bought a scroll of teleportation for 39 gold pieces
  7582 | D:9      | Bought a scroll of identify for 26 gold pieces
  7582 | D:9      | Bought 3 scrolls of identify for 78 gold pieces
  7582 | D:9      | Bought a scroll of blinking for 97 gold pieces
  7582 | D:9      | Bought a scroll of enchant armour for 97 gold pieces
  7593 | D:9      | Noticed a two-headed ogre
  7602 | D:9      | Killed a two-headed ogre
  7602 | D:9      | Reached skill level 12 in Unarmed Combat
  7709 | D:9      | Reached skill level 1 in Armour
  7926 | D:10     | Entered Level 10 of the Dungeon
  7977 | D:10     | Noticed Agrougrou's ghost (journeyman VSTm)
  7997 | D:10     | Killed Agrougrou's ghost
  7997 | D:10     | Received a gift from Okawaru
  8142 | D:10     | Noticed Harold
  8394 | D:10     | Reached XP level 11. HP: 70/101 MP: 10/10
  8512 | D:10     | Noticed Erolcha
  8525 | D:10     | Killed Erolcha
  8534 | D:10     | Noticed a two-headed ogre
  8549 | D:10     | Killed Harold
  8549 | D:10     | Reached skill level 5 in Fighting
  8549 | D:10     | Reached skill level 13 in Unarmed Combat
  8553 | D:10     | Killed a two-headed ogre
  8960 | Lair:1   | Entered Level 1 of the Lair of Beasts
  8963 | Lair:1   | Found a shattered altar of Ashenzari.
  8974 | Lair:1   | Noticed an oklob plant
  8979 | Lair:1   | Killed an oklob plant
  8998 | Lair:1   | Found a dark tunnel.
  9008 | Volcano  | Entered a volcano
  9046 | Volcano  | Noticed a skeletal warrior
  9059 | Volcano  | Killed a skeletal warrior
  9130 | Volcano  | Received a gift from Okawaru
  9130 | Volcano  | Reached skill level 1 in Invocations
  9171 | Volcano  | Got a bloodstained large shield {god gift}
  9177 | Volcano  | Identified the +0 large shield of Dawn {rPois rF+ Int+4} (Okawaru gifted it to you in a volcano)
  9257 | Volcano  | Reached skill level 14 in Unarmed Combat
  9304 | Volcano  | Noticed a skeletal warrior
  9309 | Volcano  | Killed a skeletal warrior
  9469 | Volcano  | Reached skill level 1 in Shields
  9680 | Lair:1   | Reached XP level 12. HP: 111/111 MP: 11/11
  9721 | Lair:1   | Noticed a four-headed hydra
  9726 | Lair:1   | Killed a seven-headed hydra
 10309 | Lair:2   | Found a hole to the Spider Nest.
 10648 | Lair:2   | Received a gift from Okawaru
 10653 | Lair:2   | Got an opalescent robe {god gift}
 10664 | Lair:2   | Identified the +0 robe of the Duchess {MP+9} (Okawaru gifted it to you on level 2 of the Lair of Beasts)
 10779 | Lair:2   | Found a staircase to the Shoals.
 10929 | Lair:2   | Noticed Nergalle
 10942 | Lair:2   | Killed Nergalle
 11286 | Lair:2   | Reached skill level 15 in Unarmed Combat
 11434 | Lair:3   | Noticed Urug
 11444 | Lair:3   | Killed Urug
 12332 | Lair:3   | Reached XP level 13. HP: 89/120 MP: 13/13
 12444 | Lair:4   | Reached ****** piety under Okawaru
 12832 | Lair:4   | Reached skill level 5 in Armour
 12855 | Lair:4   | Received a gift from Okawaru
 12873 | Lair:4   | Got a steaming robe {god gift}
 12884 | Lair:4   | Identified the +0 robe of Zoomo {rCorr} (Okawaru gifted it to you on level 4 of the Lair of Beasts)
 13296 | Lair:5   | Reached skill level 16 in Unarmed Combat
 13970 | Lair:5   | Found a viscous altar of Jiyva.
 13970 | Lair:5   | Found a staircase to the Slime Pits.
 14161 | Lair:6   | Entered Level 6 of the Lair of Beasts
 14345 | Lair:5   | Reached skill level 5 in Shields
 15006 | D:11     | Found a roughly hewn altar of Beogh.
 15007 | D:11     | Found a staircase to the Orcish Mines.
 15566 | Orc:1    | Entered Level 1 of the Orcish Mines
 15895 | Orc:2    | Entered Level 2 of the Orcish Mines
 15990 | Orc:2    | Noticed an ettin
 16002 | Orc:2    | Killed an ettin
 16011 | Orc:2    | Found a staircase to the Elven Halls.
 16208 | Orc:1    | Found a roughly hewn altar of Beogh.
 16499 | Orc:2    | Found a roughly hewn altar of Beogh.
 16674 | Orc:2    | Found Momap's Magic Scroll Boutique.
 16932 | Orc:2    | Found Vauppaon's Food Shop.
 17368 | Orc:2    | Received a gift from Okawaru
 17373 | Orc:2    | Reached XP level 14. HP: 113/131 MP: 11/14
 17375 | Orc:2    | Reached skill level 17 in Unarmed Combat
 17455 | Orc:2    | Bought a scroll of identify for 26 gold pieces
 17455 | Orc:2    | Bought a scroll of enchant armour for 97 gold pieces
 17455 | Orc:2    | Bought a scroll of blinking for 97 gold pieces
 17894 | Orc:2    | Found Gutuam's Antique Armour Shoppe.
 17894 | Orc:2    | Found a one-way gate leading to the halls of Pandemonium.
 17894 | Orc:2    | Found Ymyod's Book Emporium.
 17900 | Orc:2    | Bought a brightly glowing hat for 279 gold pieces
 17919 | Orc:2    | Identified the cursed +0 hat of the Tortoise {rPois Dex+3} (You bought it in a shop on level 2 of the Orcish Mines)
 18089 | D:12     | Received a gift from Okawaru
 19068 | D:12     | Gained mutation: Your magical capacity is low. (-10% MP) [mutagenic meat]
 19471 | D:13     | Reached skill level 18 in Unarmed Combat
 19636 | D:13     | Noticed Maurice
 19644 | D:13     | Killed Maurice
 19953 | D:14     | Gained mutation: You are weak. (Str -2) [mutagenic meat]
 19954 | D:14     | Lost mutation: Your magical capacity is low. (-10% MP) [potion of mutation]
 19954 | D:14     | Lost mutation: You are dopey. (Int -2) [potion of mutation]
 19954 | D:14     | Lost mutation: You have large cloven feet. [potion of mutation]
 19954 | D:14     | Lost mutation: You are weak. (Str -2) [potion of mutation]
 19954 | D:14     | Gained mutation: You are occasionally teleported next to monsters. [potion of mutation]
 19954 | D:14     | Gained mutation: You heal very quickly. [potion of mutation]
 20050 | D:14     | Noticed Frances
 20065 | D:14     | Killed Frances
 20065 | D:14     | Received a gift from Okawaru
 20154 | D:14     | Got a dazzling cloak {god gift}
 20165 | D:14     | Identified the +1 cloak of the Saviour {rN+} (Okawaru gifted it to you on level 14 of the Dungeon)
 20251 | D:14     | Identified the Reference Book on Sinister Lightness
 20290 | D:14     | Gained mutation: Your body sometimes deteriorates upon taking damage. [mutagenic meat]
 20341 | D:14     | Reached XP level 15. HP: 72/139 MP: 15/15
 20373 | D:14     | Found a gate to the Vaults.
 20414 | D:14     | Gained mutation: You are partially covered in yellow scales. (AC +2) [mutagenic meat]
 20415 | D:14     | Gained mutation: You tend to lose your temper in combat. [mutagenic meat]
 20534 | D:15     | Entered Level 15 of the Dungeon
 20760 | D:15     | Found a staircase to the Depths.
 20768 | D:15     | Reached skill level 10 in Dodging
 21015 | D:15     | Gained mutation: You are frail. (-10% HP) [mutagenic meat]
 21016 | D:15     | Lost mutation: You are partially covered in yellow scales. (AC +2) [mutagenic meat]
 21017 | D:15     | Lost mutation: You tend to lose your temper in combat. [mutagenic meat]
 21018 | D:15     | Gained mutation: You are very frail. (-20% HP) [mutagenic meat]
 21023 | D:15     | Gained mutation: You are extremely frail. (-30% HP) [mutagenic meat]
 21024 | D:15     | Gained mutation: Your skin changes colour to match your surroundings (Stealth+). [mutagenic meat]
 21027 | D:15     | Lost mutation: You are extremely frail. (-30% HP) [mutagenic meat]
 21028 | D:15     | Gained mutation: Your magical capacity is low. (-10% MP) [mutagenic meat]
 21951 | Lair:6   | Reached skill level 19 in Unarmed Combat
 21952 | Lair:6   | Received a gift from Okawaru
 22378 | Lair:6   | Found a large runed door.
 22378 | Lair:6   | Found a large runed door.
 22514 | Lair:6   | Received a gift from Okawaru
 23180 | Lair:6   | Got a steaming golden ring
 23195 | Lair:6   | Identified the ring "Xuimonid" {MR+ MP+9 SInv Stlth-} (You found it on level 6 of the Lair of Beasts)
 23561 | D:5      | Bought a potion of mutation for 112 gold pieces
 23561 | D:5      | Bought a potion of mutation for 112 gold pieces
 23561 | D:5      | Lost mutation: Your magical capacity is low. (-10% MP) [potion of mutation]
 23561 | D:5      | Lost mutation: Your body sometimes deteriorates upon taking damage. [potion of mutation]
 23561 | D:5      | Lost mutation: You are very frail. (-20% HP) [potion of mutation]
 23561 | D:5      | Lost mutation: You are occasionally teleported next to monsters. [potion of mutation]
 23561 | D:5      | Lost mutation: You are frail. (-10% HP) [potion of mutation]
 23561 | D:5      | Lost mutation: You heal very quickly. [potion of mutation]
 23561 | D:5      | Gained mutation: You possess an exceptional clarity of mind. [potion of mutation]
 23561 | D:5      | Gained mutation: Your muscles are strong. (Str +2) [potion of mutation]
 23562 | D:5      | Lost mutation: Your muscles are strong. (Str +2) [potion of mutation]
 23562 | D:5      | Lost mutation: You possess an exceptional clarity of mind. [potion of mutation]
 23562 | D:5      | Lost mutation: You expend magic power (3 MP) to strengthen your wands. [potion of mutation]
 23562 | D:5      | Gained mutation: You evolve. [potion of mutation]
 23562 | D:5      | Gained mutation: Your flesh is heat resistant. (rF+) [potion of mutation]
 23774 | Elf:1    | Entered Level 1 of the Elven Halls
 23802 | Elf:1    | Found Eggocos's Book Shop.
 23840 | Elf:1    | Found Petwot's Magic Scroll Boutique.
 23848 | Elf:1    | Bought a scroll of identify for 24 gold pieces
 23848 | Elf:1    | Bought a scroll of teleportation for 36 gold pieces
 23848 | Elf:1    | Bought a scroll of identify for 24 gold pieces
 23848 | Elf:1    | Bought a scroll of identify for 24 gold pieces
 23848 | Elf:1    | Bought a scroll of teleportation for 36 gold pieces
 23848 | Elf:1    | Bought a scroll of magic mapping for 42 gold pieces
 23848 | Elf:1    | Bought a scroll of magic mapping for 42 gold pieces
 23907 | Elf:1    | Received a gift from Okawaru
 23929 | Elf:1    | Got a faintly humming large shield {god gift}
 23940 | Elf:1    | Identified the +5 large shield "Qoamin" {-Cast rF+++ Regen+ Int+3} (Okawaru gifted it to you on level 1 of the Elven Halls)
 24092 | Elf:1    | Identified Umarol's Collected Works on the Escort
 24129 | Elf:1    | Found Ifromest's General Store.
 24345 | Elf:1    | Gained mutation: You are agile. (Dex +2) [evolution]
 24345 | Elf:1    | Lost mutation: You evolve. [end of evolution]
 24505 | Elf:1    | Reached XP level 16. HP: 149/149 MP: 16/16
 24536 | Elf:1    | Found Achocker's Jewellery Boutique.
 25023 | Elf:2    | Found a frozen archway.
 25032 | IceCv    | Entered an ice cave
 25147 | IceCv    | HP: 4/149 [eight-headed hydra simulacrum (9)]
 25456 | IceCv    | Identified Koill's Papyrus of Ashen Aid
 25565 | Elf:2    | Reached skill level 20 in Unarmed Combat
 25610 | Elf:2    | Found a runed gate.
 25667 | Elf:2    | Found Xioqiu Furi's Distillery.
 25675 | Elf:2    | Bought 2 potions of heal wounds for 160 gold pieces
 25675 | Elf:2    | Bought a potion of heal wounds for 80 gold pieces
 25675 | Elf:2    | Bought a potion of heal wounds for 80 gold pieces
 25717 | Elf:2    | Received a gift from Okawaru
 25728 | Elf:2    | Noticed a Brimstone Fiend
 26136 | Elf:2    | Reached skill level 10 in Shields
 26267 | Elf:2    | Found a runed gate.
 26268 | Elf:2    | Found a runed gate.
 26333 | Elf:2    | Received a gift from Okawaru
 26336 | Elf:2    | Got a shimmering robe {god gift}
 26347 | Elf:2    | Identified the +2 robe of Ufu Jauph {rPois rF+ Dex+4} (Okawaru gifted it to you on level 2 of the Elven Halls)
 26791 | Elf:2    | Reached XP level 17. HP: 147/156 MP: 18/18
 27147 | Elf:3    | Entered Level 3 of the Elven Halls
 27169 | Elf:3    | Reached skill level 21 in Unarmed Combat
 27302 | Elf:3    | Found an ancient bone altar of Kikubaaqudgha.
 27471 | Elf:3    | Received a gift from Okawaru
 27645 | Elf:3    | Noticed a deep elf blademaster
 27649 | Elf:3    | Noticed a deep elf master archer
 27656 | Elf:3    | Killed a deep elf blademaster
 27663 | Elf:3    | Noticed a deep elf master archer
 27672 | Elf:3    | Killed a deep elf master archer
 27692 | Elf:3    | Shot with an arrow by a deep elf master archer

Skill      XL: |  1  2  3  4  5  6  7  8  9 10 11 12 13 14 15 16 17 |
---------------+----------------------------------------------------+-----
Dodging        | 3 4 5 6 7 8 9 10 | 10.9
Fighting       | 3 4 5 6 7 |  7.3
Unarmed Combat | 4 5 7 9 10 12 14 15 16 18 19 20 21 | 21.3
Stealth        | 2 3 4 |  4.3
Armour         | 2 4 5 6 7 |  7.3
Invocations    | 1 2 |  2.9
Shields        | 1 3 6 7 8 10 | 10.7

Action                   |  1- 3 |  4- 6 |  7- 9 | 10-12 | 13-15 | 16-18 || total
-------------------------+-------+-------+-------+-------+-------+-------++-------
Melee: Unarmed           |    79 |   254 |   344 |   523 |  1316 |   548 ||  3064
       Punch             |       |     1 |    13 |    20 |       |       ||    34
       Kick              |       |       |    14 |   175 |   262 |       ||   451
Invok: Heroism           |       |       |       |     9 |    23 |     9 ||    41
       Finesse           |       |       |       |       |     1 |       ||     1
  Use: Scroll            |       |       |     8 |    17 |    11 |     7 ||    43
       Potion            |       |       |       |     5 |     5 |     6 ||    16
 Stab: Sleeping          |       |     9 |     4 |     4 |    12 |       ||    29
       Distracted        |       |       |       |     1 |     2 |       ||     3
  Eat: Chunk             |    12 |    21 |    43 |    49 |   130 |    30 ||   285
Armor: Robe              |    51 |    82 |   109 |    14 |       |    11 ||   267
       Acid dragon scale |       |       |       |   144 |   266 |       ||   410
       Fire dragon scale |       |       |       |       |    15 |     4 ||    19
       Ice dragon scales |       |       |       |       |       |    49 ||    49
Dodge: Dodged            |    53 |   159 |   195 |   203 |   374 |   130 ||  1114
Block: Large shield      |       |       |       |   183 |   957 |   420 ||  1560
